 Dungeon Crawl Stone Soup version 0.28-a0-258-g8de209e91f (webtiles) character file.

Game seed: 15030536075119176162

1614 dolemite99 the Chiller (level 9, -11/57 HPs)
             Began as a Human Ice Elementalist on Aug 27, 2021.
             Was a Follower of Ashenzari.
             Killed from afar by an acid dragon (35 damage)
             ... with a splash of acid
             ... on level 6 of the Dungeon.
             The game lasted 00:11:36 (9262 turns).

dolemite99 the Chiller (Human Ice Elementalist)     Turns: 9262, Time: 00:11:37

Health: -11/57     AC:  5    Str:  9    XL:     9   Next: 16%
Magic:  11/15      EV: 11    Int: 18    God:    Ashenzari [*.....]
Gold:   315        SH:  0    Dex: 14    Spells: 6/16 levels left

rFire   . . .      SeeInvis .   q - +3 flail
rCold   . . .      Faith    .   (no shield)
rNeg    . . .      Spirit   .   f - +0 leather armour
rPois   .          Reflect  .   j - +1 helmet of the Esoteric Omen {Bglg, Fort} (curse)
rElec   .          Harm     .   s - +0 cloak
rCorr   .          Rampage  +   r - +0 pair of gloves of the Sidereal Omission {Elem, Melee} (curse)
Will    .....                   y - +1 pair of boots {rampage}
Stlth   ++........              (no amulet)
HPRegen 0.19/turn               (no ring)
MPRegen 0.14/turn               (no ring)

@: corroded, freezing walls
A: no striking features
a: Renounce Religion, Curse Item, Shatter the Chains


You were on level 6 of the Dungeon.
You worshipped Ashenzari.
Ashenzari was aware of your devotion.
You visited 2 branches of the dungeon, and saw 7 of its levels.
You also visited: Sewer.

You collected 315 gold pieces.

Inventory:

Hand Weapons
 a - a +4 dagger of venom
 c - a +0 dagger
 p - a +0 spear
 q - a +3 flail (weapon)
 H - a +2 hand axe of flaming
Missiles
 e - 20 arrows
 g - 84 bolts
 l - 47 poisoned darts
 o - 72 stones
 w - 28 sling bullets
 C - a throwing net
 E - a curare-tipped dart (quivered)
Armour
 f - a +0 leather armour (worn)
 j - the cursed +1 helmet of the Esoteric Omen (worn) {Bglg, Fort}
   (You found it on level 1 of the Dungeon)

   It has a curse which improves the following skills: Beguiling: Conjurations,
   Hexes and Translocations.
   Fortitude: Armour and Shields.
 r - the cursed +0 pair of gloves of the Sidereal Omission (worn) {Elem, Melee}
   (You found it on level 3 of the Dungeon)

   It has a curse which improves the following skills: Elements: Fire Magic, Ice
   Magic, Air Magic and Earth Magic.
   Melee Combat: Short Blades, Long Blades, Axes, Maces & Flails, Polearms,
   Staves and Unarmed Combat.
 s - a +0 cloak (worn)
 v - a +0 pair of gloves
 y - a +1 pair of boots of rampaging (worn)
Jewellery
 d - a ring of fire
Wands
 F - a wand of flame (14)
Scrolls
 h - 3 scrolls of identify {@r1}
 m - 3 scrolls of torment
 n - a scroll of noise
 A - a scroll of blinking
 B - 2 scrolls of teleportation
 D - 2 scrolls of fog
 I - a scroll of holy word
Potions
 b - a potion of brilliance
 i - a potion of magic
 k - 4 potions of curing
 t - 2 potions of heal wounds
 u - 2 potions of might
 x - a potion of mutation
 z - 2 potions of resistance
 G - a potion of invisibility


   Skills:
 - Level 2.2(3.0) Short Blades
 - Level 2.0 Dodging
 - Level 2.0 Stealth
 - Level 4.0 Spellcasting
 + Level 7.1 Summonings
 - Level 7.9(9.0) Ice Magic


You had 6 spell levels left.
You knew the following spells:

 Your Spells              Type           Power      Damage    Failure   Level
a - Freeze                Ice            100%       1d11      1%          1
b - Frozen Ramparts       Ice            72%        1d9       1%          3
c - Call Canine Familiar  Summ           29%        N/A       3%          3
d - Ozocubu's Armour      Ice            36%        N/A       1%          3

Your spell library contained the following spells:

 Spells                   Type           Power      Damage    Failure   Level
 Summon Small Mammal      Summ           100%       N/A       1%          1
 Summon Guardian Golem    Hex/Summ       16%        N/A       14%         3
 Hailstorm                Conj/Ice       20%        3d6       30%         4
 Dazzling Flash           Conj/Hex       8%         N/A       52%         3
 Iskenderun's Mystic Bla  Conj/Tloc      4%         2d3       89%         4
 Starburst                Conj/Fire      2%         6d3       100%        6


Dungeon Overview and Level Annotations

Branches:
Dungeon (6/15)             Temple (1/1) D:4           Sewer (visited)

Altars:
Ashenzari
Cheibriados
Dithmenos
Elyvilon
Fedhas
Gozag
Hepliaklqana
Kikubaaqudgha
Makhleb
Nemelex Xobeh
Okawaru
Qazlal
Ru
Sif Muna
Trog
Uskayaw
Vehumet
Wu Jian
Xom
Yredelemnul
Zin
The Shining One

Shops:
D:1 (


Message History

Your Summonings skill increases to level 7!
Casting: Freeze (safe; 1% risk of failure)
Confirm with . or Enter, or press ? or * to list all spells.
You can't see any susceptible monsters within range! (Use Z to cast anyway.)
Casting: Freeze (safe; 1% risk of failure)
Confirm with . or Enter, or press ? or * to list all spells.
You can't see any susceptible monsters within range! (Use Z to cast anyway.)
The frozen ramparts melt away as you move.
You see here a necrophage corpse.
You start resting.
Magic restored.
HP restored.
Found a stone staircase leading down.
Found a dagger and a pair of gloves.
You see here a +0 dagger.
An acid dragon comes into view.
An acid dragon is nearby!
The acid dragon spits acid at you. The splash of acid hits you!!
Ouch! That really hurt!
The acid corrodes you!
You hear a shout!
Casting: Freeze (safe; 1% risk of failure)
Confirm with . or Enter, or press ? or * to list all spells.
Casting: Frozen Ramparts (safe; 1% risk of failure)
Press: ? - help, Dir - look around, f - activate The walls around you are covered in ice.
The wall freezes the acid dragon.
Casting: Frozen Ramparts (safe; 1% risk of failure)
Confirm with . or Enter, or press ? or * to list all spells.
Aiming: Freeze (safe; 1% risk of failure)
Press: ? - help, Shift-Dir - straight line, f - acid dragon
Aim: an acid dragon (lightly wounded)
You freeze the acid dragon!
The acid dragon is heavily wounded.
The wall freezes the acid dragon.
The acid dragon spits acid at you. The splash of acid hits you!!
Ouch! That really hurt!
You die...

.# ****,,,,,,,* *,,,,,,,,,*,,,
.## *,,,,,,,**** *,,,,,,,,,,,,,
..# *,,,,,,,* *,,,,,,,,,,,,,
#†#####...,,,,*### *,,,,,,,,,*,*,
...........,,,,..# *,*,,,,,,,*,*,
#.#####....,,,*#.# *,*..,*,***,*,
#.########.#####.###....,*,***,*,
.................D..>#,,,,,,,,,*,
##########......@#**.#,,,*,*****,
.....#,......[...###.#,,,*,* *,
######.*###..........#**,*,* *,
)......* #....).....# *,*,*****,
#####..* ####.##....# *,*,,,,,,,
# *,,* #.##....# *,******** #
*,.* #.##....# *,* #####..*
#.##.†..# *,* .......* #.###.#.#
#.#


You could see an acid dragon (catching breath).

Vanquished Creatures
  Sigmund (D:2)
  Menkaure (D:4)
  2 sky beasts
  A necrophage (D:6)
  An ogre (D:5)
  A phantom (D:5)
  A bullfrog (D:6)
  2 kobold brigands (Sewer)
  A scorpion (D:3)
  A water moccasin skeleton (D:6)
  2 jellies
  2 hounds
  An orc priest (D:6)
  Crazy Yiuf (D:3)
  An iguana (D:3)
  4 orc wizards
  A killer bee zombie (D:6)
  4 gnolls (D:5)
  11 adders
  An ufetubus (D:5)
  6 worms
  A dart slug (D:5)
  13 orcs
  7 ball pythons
  2 bat zombies (D:4)
  4 endoplasms
  4 giant cockroaches
  8 goblins
  8 hobgoblins
  6 jackals (D:2)
  7 kobolds
  4 quokkas
  2 bats
  6 frilled lizards
  4 rats
  A rat zombie (D:4)
123 creatures vanquished.

Vanquished Creatures (collateral kills)
  A scorpion zombie (D:5)
1 creature vanquished.

Grand Total: 124 creatures vanquished

Notes
Turn   | Place    | Note
-------+----------+-------------------------------------------
     0 | D:1      | dolemite99 the Human Ice Elementalist began the quest for
                  | the Orb.
     0 | D:1      | Reached XP level 1. HP: 13/13 MP: 3/3
     6 | D:1      | Noticed a black mamba
     6 | D:1      | Noticed a rime drake
     7 | D:1      | Noticed a snapping turtle
     7 | D:1      | Noticed a lindwurm
    57 | D:1      | Found Geozess's Weapon Shoppe.
   237 | D:1      | Reached XP level 2. HP: 19/19 MP: 3/5
   996 | D:1      | Found a faded altar of an unknown god.
  1060 | D:1      | Reached XP level 3. HP: 24/24 MP: 4/6
  1644 | D:2      | Learned a level 3 spell: Frozen Ramparts
  2039 | D:2      | Noticed Sigmund
  2042 | D:2      | HP: 1/24 [Sigmund (12)]
  2045 | D:2      | Killed Sigmund
  2046 | D:2      | Reached XP level 4. HP: 2/30 MP: 1/7
  2046 | D:2      | Reached XP level 5. HP: 2/35 MP: 1/8
  2754 | D:2      | Reached XP level 6. HP: 38/41 MP: 7/9
  3265 | D:3      | Reached skill level 1 in Short Blades
  3480 | D:3      | Found a runed translucent door.
  3481 | D:3      | Noticed Crazy Yiuf
  3488 | D:3      | Killed Crazy Yiuf
  4469 | D:4      | Reached XP level 7. HP: 42/46 MP: 8/10
  4682 | D:4      | Found a glowing drain.
  4765 | Sewer    | Entered a sewer
  4809 | Sewer    | Learned a level 3 spell: Ozocubu's Armour
  4813 | Sewer    | Learned a level 3 spell: Call Canine Familiar
  5895 | D:4      | Found a staircase to the Ecumenical Temple.
  5904 | Temple   | Entered the Ecumenical Temple
  6020 | Temple   | Became a worshipper of Ashenzari the Shackled
  6020 | Temple   | Identified a scroll of acquirement
  6033 | D:4      | Noticed Menkaure
  6045 | D:4      | Killed Menkaure
  6046 | D:4      | Reached XP level 8. HP: 52/52 MP: 9/14
  6479 | D:4      | Found an ancient bone altar of Kikubaaqudgha.
  6565 | D:5      | Entered Level 5 of the Dungeon
  6576 | D:5      | Reached skill level 1 in Summonings
  7724 | D:5      | Reached * piety under Ashenzari
  7978 | D:6      | Reached skill level 5 in Summonings
  8058 | D:6      | Acquired a +1 pair of boots of rampaging
  8110 | D:6      | Reached XP level 9. HP: 55/57 MP: 4/15
  8747 | D:6      | Identified the +0 tower shield of the Evening {rCorr Str+4
                  | Dex+2}
  9262 | D:6      | Killed from afar by an acid dragon

Illustrated notes

Levels and vault maps discovered:
D:1:      onia_arrival_zoo_common, layout_basic,
          chequers_ecumenical_altar_lobes, serial_shops, shop,
          kennysheep_flooded_box
D:2:      layout_basic, minmay_tetromino_i4, uniq_sigmund
D:3:      layout_rooms, uniq_crazy_yiuf_cottage
D:4:      layout_loops_ring, lemuel_zombie_altar_kikubaaqudgha,
          minmay_temple_entry_slanted, gup_sewer_entry_bubbles, uniq_menkaure
D:5:      minmay_general_purpose_star, layout_basic
D:6:      layout_basic
Temple:   dpeg_three_leaves_temple

Skill      XL: |  1  2  3  4  5  6  7  8  9 |
---------------+----------------------------+-----
Ice Magic      | 6 7 |  7.9
Short Blades   | 2 |  2.2
Spellcasting   | 4 |  4.0
Summonings     | 6 7 |  7.1
Dodging        | |  2.0
Stealth        | |  2.0

Action                   |  1- 3 |  4- 6 |  7- 9 || total
-------------------------+-------+-------+-------++-------
Melee: Dagger            |     8 |    22 |    34 ||    64
       Flail             |       |       |    40 ||    40
Throw: Dart              |       |       |     4 ||     4
 Cast: Freeze            |    37 |    52 |    71 ||   160
       Frozen Ramparts   |       |       |    24 ||    24
       Call Canine Famil |       |       |     2 ||     2
Invok: Curse Item        |       |       |     2 ||     2
  Use: Potion            |       |       |     2 ||     2
       Scroll            |       |       |     4 ||     4
 Stab: Sleeping          |       |       |     1 ||     1
Armor: Robe              |     4 |     8 |       ||    12
       Leather armour    |       |    17 |    77 ||    94
Dodge: Dodged            |    16 |    63 |   126 ||   205

Table legend: (Time is in decaauts)
 A = Elapsed time spent in this place.
 B = Non-inter-level travel time spent in this place.
 C = Inter-level travel time spent in this place.
 D = Time resting spent in this place.
 E = Time spent auto-exploring this place.
 F = Levels seen in this place.
 G = Mean time per level.
                   A        B        C        D        E       F      G
               +--------+--------+--------+--------+--------+-----+--------+
         Total |   9372 |   9148 |    224 |   3109 |   4586 |   8 | 1171.5 |
       Dungeon |   8181 |   7965 |    216 |   2500 |   4243 |   6 | 1363.5 |
        Temple |    126 |    118 |      8 |      0 |     46 |   1 |  126.0 |
         Sewer |   1064 |   1064 |      0 |    609 |    296 |   1 | 1064.0 |
               +--------+--------+--------+--------+--------+-----+--------+

Top non-repeatable levels by time:
     D:1: 1599 daAuts
     D:2: 1548 daAuts
     D:5: 1384 daAuts
     D:6: 1324 daAuts
     D:4: 1224 daAuts
     D:3: 1099 daAuts
   Sewer: 1064 daAuts
  Temple: 126 daAuts
